 Dungeon Crawl Stone Soup version 0.28.0-53-g5a82cb258f (webtiles) character file.

Game seed: 18047143680148509282

46103 Peloso the Peltast (level 14, -1/127 HPs)
             Began as a Minotaur Fighter on July 16, 2022.
             Was a High Priest of Okawaru.
             Killed by divine providence
             ... invoked by a meliai
              (14 damage)
             ... on level 13 of the Dungeon.
             The game lasted 00:48:01 (23558 turns).

Peloso the Peltast (Minotaur Fighter)              Turns: 23558, Time: 00:48:01

Health: -1/127     AC: 35    Str: 31    XL:     14   Next: 3%
Magic:  15/15      EV: 11    Int:  5    God:    Okawaru [*****.]
Gold:   2057       SH: 22    Dex: 16    Spells: 13/13 levels left

rFire   + . .      SeeInvis .   a - +2 scimitar (flame)
rCold   + + .      Faith    .   e - +0 tower shield
rNeg    + . .      Spirit   .   t - +2 gold dragon scales
rPois   +          Reflect  .   (helmet restricted)
rElec   .          Harm     .   z - +0 cloak {rPois}
rCorr   +          Rampage  .   w - +2 pair of gloves
Will    +....                   N - +0 pair of boots of the Jabberwock {rN+ rCorr Dex+3}
Stlth   ..........              (no amulet)
HPRegen 0.31/turn               J - ring of protection from cold
MPRegen 0.14/turn               H - ring of Zumuap {AC+4 Str+8}

@: about to teleport, heroic, hasted, very quick
A: horns 2, retaliatory headbutt
a: Renounce Religion, Heroism, Finesse, Duel


You were on level 13 of the Dungeon.
You worshipped Okawaru.
Okawaru was extremely pleased with you.
You visited 4 branches of the dungeon, and saw 20 of its levels.
You also visited: Sewer, Bailey and Ice Cave.

You collected 2100 gold pieces.
You spent 43 gold pieces at shops.

Inventory:

Hand Weapons
 a - a +2 scimitar of flaming (weapon)
 b - a +4 scimitar of venom
 C - the +4 hunting sling of Wealth {venom, Int+7 SInv Stlth-}
   (Okawaru gifted it to you in an ice cave)

   Any ammunition fired from it poisons the flesh of those it strikes.
   Int:       It affects your intelligence (+7).
   SInv:      It lets you see invisible.
   Stlth:     It makes you less stealthy.
Armour
 c - a +0 buckler
 e - a +0 tower shield (worn)
 t - +2 gold dragon scales (worn)
 w - a +2 pair of gloves (worn)
 z - a +0 cloak of poison resistance (worn)
 N - the +0 pair of boots of the Jabberwock (worn) {rN+ rCorr Dex+3}
   (Okawaru gifted it to you on level 1 of the Lair of Beasts)

   Dex:       It affects your dexterity (+3).
   rN:        It protects you from negative energy.
   rCorr:     It protects you from acid and corrosion.
Jewellery
 i - a +6 ring of strength
 n - an amulet of the acrobat
 s - a +4 ring of evasion
 H - the ring of Zumuap (right hand) {AC+4 Str+8}
   (You found it on level 8 of the Dungeon)

   [ring of protection]

   AC:        It affects your AC (+4).
   Str:       It affects your strength (+8).
 J - a ring of protection from cold (left hand)
 O - a ring of fire
 S - a ring of flight
Wands
 g - a wand of flame (83)
 o - a wand of digging (5)
 v - a wand of mindburst (5)
 E - a wand of paralysis (13)
 F - a wand of polymorph (4)
 G - a wand of iceblast (9)
 I - a wand of acid (5)
Scrolls
 j - a scroll of enchant weapon
 l - a scroll of fog
 m - 5 scrolls of teleportation
 r - 2 scrolls of magic mapping
 x - a scroll of brand weapon
 y - 2 scrolls of noise
 B - a scroll of immolation
 L - a scroll of enchant armour
 Q - 3 scrolls of amnesia
Potions
 d - a potion of might
 f - 4 potions of flight
 h - a potion of experience
 k - 3 potions of haste
 p - 2 potions of brilliance
 q - 3 potions of mutation
 u - 5 potions of curing
 A - a potion of ambrosia
 D - 2 potions of invisibility {unknown}


   Skills:
 + Level 12.6(17.6) Fighting
 + Level 15.3(20.3) Long Blades
 + Level 2.4(7.4) Maces & Flails
 + Level 13.2(18.2) Armour
 + Level 5.9(10.9) Dodging
 + Level 1.6(6.6) Stealth
 + Level 16.3(21.3) Shields
 + Level 3.0 Invocations
 + Level 1.0 Evocations


You had 13 spell levels left.
You didn't know any spells.
Your spell library contained the following spells:

 Spells                   Type           Power      Damage    Failure   Level
 Magic Dart               Conj           0%         1d3       100%        1
 Sandblast                Erth           0%         2d4       100%        1
 Sting                    Tmut/Pois      0%         1d3       100%        1
 Ensorcelled Hibernation  Hex/Ice        0%         N/A       100%        2
 Passwall                 Tmut/Erth      0%         N/A       100%        2
 Poisonous Vapours        Pois/Air       0%         N/A       100%        2
 Scorch                   Fire           0%         2d5       100%        2
 Searing Ray              Conj           0%         2d4       100%        2
 Frozen Ramparts          Ice            0%         1d2       100%        3
 Inner Flame              Hex/Fire       0%         N/A       100%        3
 Ozocubu's Armour         Ice            0%         N/A       100%        3
 Spider Form              Tmut/Pois      0%         N/A       100%        3
 Stone Arrow              Conj/Erth      0%         3d7       100%        3
 Anguish                  Hex/Necr       0%         N/A       100%        4
 Cause Fear               Hex            0%         N/A       100%        4
 Flame Wave               Conj/Fire      0%         2d4       100%        4
 Fulminant Prism          Conj/Hex       0%         3d6       100%        4
 Olgreb's Toxic Radiance  Pois           0%         N/A       100%        4
 Ozocubu's Refrigeration  Ice            0%         4d5       100%        7
 Discord                  Hex            0%         N/A       100%        8
 Summon Cactus Giant      Summ           Unusable   N/A       N/A         6

Dungeon Overview and Level Annotations

Branches:
Dungeon (13/15)            Temple (1/1) D:5            Lair (4/6) D:10
 Shoals (0/4) Lair:3       Spider (0/4) Lair:3          Orc (2/2) D:9
    Elf (0/3) Orc:2         Sewer (visited)          Bailey (visited)
  IceCv (visited)
 Vaults: D:13-14

Altars:
Ashenzari
Cheibriados
Dithmenos
Fedhas
Hepliaklqana
Makhleb
Nemelex Xobeh
Okawaru
Ru
Trog
Xom
Beogh

Shops:
D:6 *   Orc:1 (   Orc:2 :(*[

Annotations:
D:12 2 transporters, Peloso's ghost, journeyman MiFi
Lair:1 Casa


Innate Abilities, Weirdness & Mutations

You have a pair of horns on your head.
You reflexively headbutt those who attack you in melee.


Message History

Unknown command.
You feel much better.
The meliai invokes the aid of its god against you.
Something smites you!
* * * LOW HITPOINT WARNING * * *
You block the meliai's attack. x2
The meliai calls upon its god to heal the meliai.
The meliai is healed somewhat.
The meliai hits you with a +3 morningstar of holy wrath!
* * * LOW HITPOINT WARNING * * *
You block the meliai's attack.
Unknown command.
You barely miss the meliai. Your headbutt misses the meliai.
The meliai is lightly wounded.
The meliai calls down the wrath of its god upon you.
Something smites you!
* * * LOW HITPOINT WARNING * * *
You block the meliai's attack. x2
Unknown command.
You feel much better.
The meliai calls upon its god to heal the meliai.
The meliai's wounds heal themselves!
You block the meliai's attack. x2
The meliai calls down the wrath of its god upon you.
Something smites you!
* * * LOW HITPOINT WARNING * * *
Okay, then.
You feel yourself speed up.
The meliai hits you with a +3 morningstar of holy wrath!
* * * LOW HITPOINT WARNING * * *
You block the meliai's attack. The meliai hits you but does no damage.
You block the meliai's attack.
You feel much better. You block the meliai's attack. x2
The meliai barely misses you. You furiously retaliate!
You headbutt the meliai! The meliai stings you.
* * * LOW HITPOINT WARNING * * *
As you read the scroll of teleportation, it crumbles to dust.
You feel strangely unstable.
The meliai mumbles some strange prayers to its god against you.
Something smites you!
You die...

*,,+*****+,,* *,,*,* *,,..#.# *
*,,,,,,,,,,,* **+**,* *,*#.#.# *
*,,,,,,,,,,,* *,,,,,* *,*#.#.# *
******,****** *,***,* *,*#.#.#
*,* *,,,,,###*,*#.... **,**
#######.##.##...#
******,,,***♣♣*#.....#.##......#
**,*,*,≈≈≈.♣.♣y♣♣♣...♣#.####.#.##
,,,,,,,≈≈≈....9y@.♣.♣()).##.###>.
**,*,*,≈≈≈!♣.♣.♣♣♣...♣#....#.....
******,,,***♣♣*#.....#.##.##..##
######### ****#######.##.##.###
#.##.##.# *,,,,,,,,*#.##.##.##
#.......# *,,*,,*,,*#........##
####.#### *,,,,,,..##..#..#...#
#.# ****,,,..[...#..#.#.. #.#
*,,,,<####.....#.#.[


You could see a gargoyle and 2 meliai.

Vanquished Creatures
  An azure jelly (IceCv)
  An orc warlord (Orc:1)
  2 quicksilver oozes (IceCv)
  Snorg (D:12)
  Harold (Lair:1)
  2 hydras
  A centaur warrior (D:13)
  2 tengu warriors (D:11)
  4 two-headed ogres
  2 orc high priests (Orc:2)
  The ghost of waddelsworth the Destroyer, a novice GrEE of Vehumet (D:7)
  Pikel (D:5)
  6 orc knights
  2 orc sorcerers
  2 oklob plants (Lair:4)
  3 ugly things
  6 cyclopes
  3 black mambas
  An ice statue (IceCv)
  Maggie (D:8)
  2 kobold demonologists
  4 rime drakes
  An efreet (D:13)
  6 komodo dragons
  A polar bear (Lair:2)
  6 entropy weaver simulacra (IceCv)
  A hornet (D:8)
  11 slime creatures (IceCv)
  5 trolls
  5 blink frogs (Lair:1)
  A jumping spider (Lair:3)
  2 shadows
  3 wyverns
  23 yaks
  2 basilisks (Lair:1)
  A vampire (D:12)
  A redback (Lair:3)
  9 vampire mosquitoes
  Menkaure (D:5)
  5 steam dragons
  3 demonic crawler simulacra (IceCv)
  An acid dragon (D:8)
  5 water moccasins
  26 orc warriors
  A swamp drake (D:9)
  4 ugly thing simulacra (IceCv)
  4 black bears
  9 ogres
  7 sky beasts
  4 centaurs
  3 wolves (Lair:3)
  2 phantoms
  A kobold brigand (D:9)
  A lemure (D:5)
  4 bullfrogs
  3 scorpions
  2 glowing shapeshifter simulacra (IceCv)
  10 killer bees
  5 electric eels
  4 howler monkeys
  A bullfrog zombie (D:6)
  4 centaur zombies
  6 hounds
  A gnoll shaman (D:6)
  A bullfrog skeleton (D:5)
  15 orc priests
  2 jellies
  A centaur skeleton (D:4)
  Ijyb (D:5)
  A hell rat (Sewer)
  19 orc wizards
  2 iguanas
  Terence (D:2)
  A killer bee zombie (D:8)
  A howler monkey zombie (D:10)
  7 adders
  8 gnolls
  3 river rats
  2 shadow imps
  A white imp (D:7)
  3 ufetubi
  2 worms
  5 dart slugs
  53 orcs
  6 endoplasms
  5 giant cockroaches
  9 goblins
  5 hobgoblins
  4 jackals (D:2)
  11 kobolds
  12 quokkas
  11 ball pythons
  10 bats
  A frilled lizard (D:1)
  18 rats
465 creatures vanquished.

Vanquished Creatures (others)
  An electric eel (Lair:2)
  2 orcs (D:9)
  9 fungi
  12 plants
24 creatures vanquished.

Grand Total: 489 creatures vanquished

Notes
Turn   | Place    | Note
-------+----------+-------------------------------------------
     0 | D:1      | Peloso the Minotaur Fighter began the quest for the Orb.
     0 | D:1      | Reached XP level 1. HP: 19/19 MP: 0/0
   127 | D:1      | Reached skill level 4 in Shields
   141 | D:1      | Reached XP level 2. HP: 25/26 MP: 1/1
   421 | D:1      | Reached XP level 3. HP: 25/33 MP: 2/2
  1086 | D:2      | Identified the +2 leather armour of Space {rPois}
  1230 | D:2      | Reached XP level 4. HP: 36/40 MP: 3/3
  1325 | D:2      | Noticed Terence
  1334 | D:2      | Killed Terence
  1795 | D:3      | Found a faded altar of an unknown god.
  1849 | D:3      | Identified the +0 leather armour of the Thoughtful Xalams
                  | {rElec Slay+3}
  1949 | D:3      | Reached skill level 1 in Dodging
  1955 | D:3      | Identified the +0 ring mail "Soduosor" {Contam Fly rF++
                  | rC+}
  2137 | D:4      | You fall into a shaft and drop 1 floor!
  2137 | D:5      | Entered Level 5 of the Dungeon
  2193 | D:4      | Reached XP level 5. HP: 39/46 MP: 4/4
  2206 | D:4      | Found a bloodstained altar of Trog.
  2206 | D:4      | Found a sparkling altar of Nemelex Xobeh.
  2218 | D:4      | Reached skill level 5 in Long Blades
  2218 | D:4      | Found a blossoming altar of Fedhas.
  2321 | D:4      | Reached XP level 6. HP: 16/53 MP: 5/5
  2340 | D:4      | Reached skill level 5 in Armour
  2502 | D:4      | Found a glowing drain.
  2522 | Sewer    | Entered a sewer
  3467 | D:5      | Reached XP level 7. HP: 40/60 MP: 6/6
  3672 | D:5      | Noticed Ijyb
  3682 | D:5      | Killed Ijyb
  3806 | D:5      | Reached skill level 5 in Fighting
  3881 | D:5      | Noticed Pikel
  3938 | D:5      | Killed Pikel
  3939 | D:5      | Reached skill level 1 in Stealth
  3939 | D:5      | Reached skill level 5 in Shields
  3939 | D:5      | Reached XP level 8. HP: 22/69 MP: 7/7
  4183 | D:5      | Found a staircase to the Ecumenical Temple.
  4213 | Temple   | Entered the Ecumenical Temple
  4219 | Temple   | Became a worshipper of Warmaster Okawaru
  4613 | D:5      | Noticed Menkaure
  4619 | D:5      | Killed Menkaure
  4629 | D:5      | Reached * piety under Okawaru
  4913 | D:6      | Found Migeb's Assorted Antiques.
  4920 | D:6      | Bought a scroll labelled DUPUZA OCONGE for 23 gold pieces
  4920 | D:6      | Bought a red potion for 20 gold pieces
  4941 | D:6      | Found a broken altar of Ashenzari.
  5295 | D:6      | Reached XP level 9. HP: 49/78 MP: 8/8
  5529 | D:6      | Found a sacrificial altar of Ru.
  6410 | D:7      | Found a runed translucent gate.
  6410 | D:7      | Found a runed translucent gate.
  6410 | D:7      | Found a runed translucent gate.
  6411 | D:7      | Noticed waddelsworth's ghost (novice GrEE)
  6435 | D:7      | Reached ** piety under Okawaru
  6540 | D:7      | Reached skill level 6 in Shields
  7026 | D:8      | Noticed a cyclops
  7035 | D:8      | Killed a cyclops
  7036 | D:8      | Reached skill level 10 in Long Blades
  7359 | D:8      | Identified the ring of Zumuap {AC+4 Str+8}
  7360 | D:8      | Noticed a two-headed ogre
  7374 | D:8      | Killed a two-headed ogre
  7374 | D:8      | Reached *** piety under Okawaru
  7571 | D:8      | Reached XP level 10. HP: 86/86 MP: 9/9
  7709 | D:9      | Noticed Maggie
  7717 | D:9      | Reached skill level 7 in Shields
  8047 | D:8      | Reached skill level 1 in Invocations
  8185 | D:8      | Killed Maggie
  8331 | D:9      | Reached skill level 5 in Dodging
  8396 | D:9      | Reached **** piety under Okawaru
  8777 | D:9      | Noticed a two-headed ogre
  8783 | D:9      | Killed a two-headed ogre
  8784 | D:9      | Reached skill level 8 in Shields
  8810 | D:9      | Found a hazy altar of Hepliaklqana.
  9159 | D:9      | Found a staircase to the Orcish Mines.
  9846 | D:10     | Entered Level 10 of the Dungeon
  9854 | D:10     | Found a flagged portal.
  9873 | Bailey   | Entered a bailey
 10045 | Bailey   | Noticed an orc knight
 10064 | Bailey   | Noticed an orc knight
 10127 | Bailey   | Killed an orc knight
 10128 | Bailey   | Reached XP level 11. HP: 68/97 MP: 11/11
 10419 | Bailey   | Identified the +8 rapier of Cataclysm {speed, Will- MP+9
                  | Str+4}
 10434 | Bailey   | Killed an orc knight
 10435 | Bailey   | Reached skill level 9 in Shields
 10926 | D:10     | Reached skill level 10 in Armour
 10933 | D:10     | Reached ***** piety under Okawaru
 11153 | D:10     | Found a staircase to the Lair.
 11498 | D:10     | Reached skill level 10 in Shields
 11710 | Lair:1   | Entered Level 1 of the Lair of Beasts
 12233 | Lair:1   | Identified the +0 pair of boots of the Jabberwock {rN+
                  | rCorr Dex+3} (Okawaru gifted it to you on level 1 of the
                  | Lair of Beasts)
 12233 | Lair:1   | Received a gift from Okawaru
 12247 | Lair:1   | Reached skill level 11 in Shields
 12758 | Lair:1   | Noticed Harold
 12775 | Lair:1   | Killed Harold
 12775 | Lair:1   | Reached ****** piety under Okawaru
 12776 | Lair:1   | Reached skill level 10 in Fighting
 13178 | Lair:2   | Noticed a five-headed hydra
 13192 | Lair:2   | Killed a five-headed hydra
 13193 | Lair:2   | Reached XP level 12. HP: 54/106 MP: 12/12
 13196 | Lair:2   | Identified the +12 flail of the Peculiar Teeth {chaos,
                  | Will+ Int-5 Dex+3}
 13967 | Lair:2   | Reached skill level 1 in Evocations
 14753 | Lair:3   | Found a hole to the Spider Nest.
 14954 | Lair:3   | Found a staircase to the Shoals.
 14996 | Lair:3   | Reached skill level 12 in Shields
 15552 | Lair:4   | Noticed a six-headed hydra
 15560 | Lair:4   | Killed a six-headed hydra
 15561 | Lair:4   | Reached skill level 1 in Maces & Flails
 15808 | Lair:4   | Found a blossoming altar of Fedhas.
 15817 | Lair:4   | Received a gift from Okawaru
 16761 | D:11     | Noticed a tengu warrior
 16763 | D:11     | Noticed a tengu warrior
 16769 | D:11     | Killed a tengu warrior
 16782 | D:11     | Killed a tengu warrior
 16783 | D:11     | Reached skill level 13 in Shields
 16981 | D:11     | Noticed a two-headed ogre
 16988 | D:11     | Killed a two-headed ogre
 17772 | Orc:1    | Entered Level 1 of the Orcish Mines
 17950 | D:12     | Noticed Snorg
 17965 | D:12     | Killed Snorg
 18257 | D:12     | Found a transporter.
 18257 | D:12     | Found a transporter.
 18258 | D:12     | Noticed a two-headed ogre
 18258 | D:12     | Noticed Peloso's ghost (journeyman MiFi)
 18258 | D:12     | Noticed a two-headed ogre
 18258 | D:12     | Noticed a two-headed ogre
 18259 | D:12     | Noticed a two-headed ogre
 18259 | D:12     | Identified the +10 dire flail of Pandemonium {drain,
                  | Will++}
 18259 | D:12     | Noticed a two-headed ogre
 18260 | D:12     | Noticed a two-headed ogre
 18260 | D:12     | Noticed a two-headed ogre
 18273 | D:12     | Noticed a two-headed ogre
 18288 | D:12     | Killed a two-headed ogre
 18289 | D:12     | Reached XP level 13. HP: 95/116 MP: 10/13
 18855 | D:7      | Killed waddelsworth's ghost
 19316 | Orc:1    | Reached skill level 14 in Shields
 19579 | Orc:2    | Entered Level 2 of the Orcish Mines
 19580 | Orc:2    | Found a staircase to the Elven Halls.
 19590 | Orc:2    | Noticed an orc warlord
 19982 | Orc:1    | Killed an orc warlord
 19982 | Orc:1    | Received a gift from Okawaru
 20511 | Orc:2    | Found Bixkoxko's Book Shoppe.
 20534 | Orc:2    | Found Duokesuhee's Antique Weapon Shoppe.
 20832 | Orc:2    | Found Fuith's Antique Armour Shoppe.
 20847 | Orc:2    | Found Noag's General Store.
 20910 | Orc:2    | Reached skill level 15 in Long Blades
 20910 | Orc:2    | Reached skill level 15 in Shields
 21391 | Orc:1    | Found Sicsyh's Weapon Emporium.
 21724 | D:13     | Found a frozen archway.
 21728 | IceCv    | Entered an ice cave
 22052 | IceCv    | Identified the +4 hunting sling of Wealth {venom, Int+7
                  | SInv Stlth-} (Okawaru gifted it to you in an ice cave)
 22052 | IceCv    | Received a gift from Okawaru
 22746 | IceCv    | Noticed a quicksilver ooze
 22751 | IceCv    | Killed a quicksilver ooze
 22852 | IceCv    | Noticed a quicksilver ooze
 22854 | IceCv    | Found a viscous altar of Jiyva.
 22854 | IceCv    | Noticed an azure jelly
 22868 | IceCv    | Killed an azure jelly
 22869 | IceCv    | Killed a quicksilver ooze
 23107 | IceCv    | Got the Volume of the Glacier
 23314 | D:13     | Reached skill level 16 in Shields
 23488 | D:13     | Received a gift from Okawaru
 23541 | D:13     | Reached XP level 14. HP: 79/127 MP: 15/15
 23554 | D:13     | HP: 2/127 [meliai/divine providence (12)]
 23558 | D:13     | Killed from afar by a meliai

Illustrated notes

Levels and vault maps discovered:
D:1:      onia_arrival_mini_spirals, layout_rooms, corner_web_ring, st_stairs_12
D:2:      layout_loops_cross, uniq_terence
D:3:      layout_rooms, serial_glass, glass_columns_b, glass_columns_c,
          glass_columns_b, glass_columns_c, ebering_ecumenical_altar_hall,
          minmay_misc_feat_hallway, serial_park_tiny_2, minmay_box_of_dots
D:4:      layout_loops_ring, gammafunk_temple_overflow_forgotten,
          portal_sewer_entry_b
D:5:      layout_gridville, minmay_temple_entry_water_ring,
          kennysheep_opposing_triangles, uniq_pikel, uniq_menkaure, uniq_ijyb
D:6:      nicolae_BIG_FREAKIN_CUBE, layout_basic, mainiacjoe_overflow_catwalk,
          nicolae_ru_the_path_less_chosen, serial_shops,
          nicolae_shop_advertising_works [nicolae_subvault_shop_adworks],
          minmay_pentangle
D:7:      layout_cave_pools, ebering_ghost_rock_garden
D:8:      layout_loops_ring, minmay_misc_feat_roman, minmay_diamond_spiral
D:9:      layout_roguey, lemuel_crystal_altar, erik_orc_1, hangedman_misty_isle,
          uniq_maggie
D:10:     wander_river, layout_irregular_city, lair_entry_dummy, enter_bailey_3,
          chequers_serial_rivers_micro_a, kennysheep_generic_room_13
D:11:     layout_irregular_city, lemuel_flame_loot_1
D:12:     layout_roguey, gammafunk_ghost_smash, minivault_22, uniq_snorg
D:13:     nzn_winding_woodlands_large [nzn_winding_woodlands_5x5_closed_star,
          nzn_winding_woodlands_5x15_pool, nzn_winding_woodlands_hourglass,
          nzn_winding_woodlands_center_triple_pond,
          nzn_winding_woodlands_15x15_killbox,
          nzn_winding_woodlands_center_lodge,
          nzn_winding_woodlands_5x5_open_star,
          nzn_winding_woodlands_5x15_sidewinder,
          nzn_winding_woodlands_5x5_default], layout_loops_cross, serial_shops,
          shop, portal_ice_cave_entry_pillars_2, palyth_stone_intersect,
          uniq_erolcha, uniq_rupert, uniq_kirke
Temple:   eino_temple_rhombus
Lair:1:   layout_gridlike, uniq_harold
Lair:2:   layout_roguey, cheibrodos_lair_caveside_slide, minivault_25,
          grunt_forest_small_clearings, infiniplex_staircase_pool,
          serial_bayou_shore_a
Lair:3:   layout_gridlike, elwin_shoals_entry_rocks, spider_nest_entry_a,
          serial_bayou_shore_b
Lair:4:   layout_roguey, hangedman_tree_tricks
Orc:1:    layout_caves, basic_altar, serial_shops,
          nicolae_shop_bloodbath_and_beyond
Orc:2:    grunt_orc_cross, layout_caves, bh_open_orc_temple

Skill      XL: |  1  2  3  4  5  6  7  8  9 10 11 12 13 |
---------------+----------------------------------------+-----
Shields        | 4 5 6 8 11 13 16 | 16.3
Armour         | 4 5 6 7 9 11 12 13 | 13.2
Long Blades    | 3 4 5 7 9 10 12 13 14 15 | 15.3
Fighting       | 4 5 6 7 9 10 11 12 | 12.6
Dodging        | 1 2 3 4 5 |  5.9
Stealth        | 1 |  1.6
Invocations    | 1 2 3 |  3.0
Evocations     | 1 |  1.0
Maces & Flails | 2 |  2.4

Action                   |  1- 3 |  4- 6 |  7- 9 | 10-12 | 13-15 || total
-------------------------+-------+-------+-------+-------+-------++-------
Melee: Long sword        |    92 |   176 |   237 |   799 |   475 ||  1779
       Headbutt          |    12 |    30 |    46 |   188 |   141 ||   417
       Morningstar       |       |       |       |    13 |       ||    13
       Scimitar          |       |       |       |       |    33 ||    33
Invok: Heroism           |       |       |     3 |    14 |    17 ||    34
       Finesse           |       |       |       |     1 |       ||     1
Evoke: Wand              |       |       |       |     5 |       ||     5
  Use: Scroll            |       |     9 |     4 |    10 |     4 ||    27
       Potion            |       |     1 |       |     2 |     5 ||     8
 Stab: Confused          |       |       |       |     1 |       ||     1
Armor: Scale mail        |    54 |    81 |    77 |   104 |       ||   316
       Gold dragon scale |       |       |       |   282 |   205 ||   487
Dodge: Dodged            |    60 |    84 |    80 |   236 |   120 ||   580
Block: Buckler           |    21 |    46 |    46 |       |       ||   113
       Tower shield      |       |       |    20 |   782 |   528 ||  1330
